 Dungeon Crawl Stone Soup version 0.20.1-1-g8b1a95d (webtiles) character file.

670 mastercheaf21 the Basher (level 7, -3/57 HPs)
             Began as a Minotaur Berserker on Nov 8, 2017.
             Was a Priest of Trog.
             Slain by a slave (4 damage)
             ... led by Pikel
             ... on level 4 of the Dungeon.
             The game lasted 00:08:09 (2266 turns).

mastercheaf21 the Basher (Minotaur Berserker)       Turns: 2266, Time: 00:08:09

Health: -3/57      AC:  9    Str: 23    XL:     7   Next: 32%
Magic:  6/6        EV:  8    Int:  4    God:    Trog [***...]
Gold:   71         SH:  0    Dex: 10    Spells: 6/6 levels left

rFire    . . .     SeeInvis .   a - +0 mace
rCold    . . .     Gourm    .   (no shield)
rNeg     . . .     Faith    .   s - +0 chain mail
rPois    .         Spirit   .   (helmet restricted)
rElec    .         Reflect  .   (no cloak)
rCorr    .         Harm     .   (no gloves)
MR       .....                  e - +0 pair of boots (curse)
Stlth    ..........             (no amulet)
Regen    0.2/turn               (no ring)
MPRegen  0.1/turn               (no ring)

@: no status effects
A: retaliatory headbutt, horns 2
a: Berserk, Trog's Hand, Burn Spellbooks, Renounce Religion


You were on level 4 of the Dungeon.
You worshipped Trog.
Trog was most pleased with you.
You were not hungry.

You visited 1 branch of the dungeon, and saw 5 of its levels.

You collected 71 gold pieces.

Inventory:

Hand Weapons
 a - a +0 mace (weapon)
Armour
 e - a cursed +0 pair of boots (worn)
 s - a +0 chain mail (worn)
Scrolls
 b - a scroll of teleportation {unknown}
 d - a scroll of enchant weapon {unknown}
 f - 3 scrolls of fear {unknown}
 i - 2 scrolls of magic mapping {unknown}
 j - a scroll of recharging {unknown}
 k - 7 scrolls of identify {unknown}
 l - 3 scrolls of remove curse {unknown}
Potions
 g - a potion of magic {unknown}
 m - a potion of lignification {unknown}
 n - a potion of flight {unknown}
 q - a potion of haste {unknown}
 r - a potion of curing {unknown}
Comestibles
 c - 2 bread rations
 p - 2 fruits


   Skills:
 - Level 3.6 Fighting
 + Level 9.9 Maces & Flails
 - Level 2.4 Armour
 - Level 2.1 Dodging
 + Level 1.5 Stealth


You had 6 spell levels left.
You didn't know any spells.

Dungeon Overview and Level Annotations

Branches:
Dungeon (5/15)
 Temple: D:4-7

Altars:
Ashenzari

Annotations:
D:4 Grinder, Pikel


Innate Abilities, Weirdness & Mutations

You reflexively headbutt those who attack you in melee.
You have a pair of horns on your head.


Message History

* * * LOW HITPOINT WARNING * * *
Grinder hits you.
* * * LOW HITPOINT WARNING * * *
You writhe in agony.
* * * LOW HITPOINT WARNING * * *
The slave hits you.
* * * LOW HITPOINT WARNING * * *
Grinder blinks!
You can move again.
The slave barely misses you. You furiously retaliate!
You headbutt the slave. The slave hits you but does no damage.
Grinder says, "I used to sell toenails on the black market."
The slave completely misses you. You furiously retaliate!
You headbutt the slave. The slave hits you.
* * * LOW HITPOINT WARNING * * *
The slave hits you but does no damage. Grinder hits you.
* * * LOW HITPOINT WARNING * * *
The slave hits you.
You die...

.......######.##..#
.#####......[....#####.
.......####.†..#.##...
######## #..#.......# #
# #..##......## #
##...###......# #
##..............#
###...##.###....p..#
#...# ... #....5@..#
...##..#.....#######
.........##.# ......##
#.. ..# .##..#
#.####..#.# #....##...#
####.##... ...#.##.#


You could see Grinder and a slave.

Vanquished Creatures
  The ghost of Zogzag the Skirmisher, a novice HuEE (D:4)
  A phantom (D:4)
  A worker ant (D:4)
  A hound skeleton (D:4)
  7 adders
  3 worms
  A dart slug (D:1)
  6 leopard geckos
  4 orcs (D:4)
  7 bats
  A giant cockroach (D:1)
  11 goblins
  3 hobgoblins (D:2)
  6 kobolds
  A ball python skeleton (D:4)
  4 frilled lizards
  4 rats
62 creatures vanquished.

Notes
Turn   | Place    | Note
-------+----------+-------------------------------------------
     0 | D:1      | mastercheaf21 the Minotaur Berserker began the quest for the Orb.
     0 | D:1      | Reached XP level 1. HP: 19/19 MP: 0/0
    49 | D:1      | Reached skill level 4 in Maces & Flails
    86 | D:1      | Reached XP level 2. HP: 22/26 MP: 1/1
   801 | D:1      | Reached skill level 5 in Maces & Flails
   817 | D:2      | Reached XP level 3. HP: 30/31 MP: 2/2
   822 | D:2      | Reached ** piety under Trog
  1203 | D:2      | Reached XP level 4. HP: 39/39 MP: 3/3
  1263 | D:2      | Reached skill level 6 in Maces & Flails
  1319 | D:2      | Found a shattered altar of Ashenzari.
  1843 | D:3      | You fall through a shaft for 2 floors!
  1843 | D:5      | Entered Level 5 of the Dungeon
  1903 | D:4      | Noticed Zogzag's ghost (novice HuEE)
  1912 | D:4      | Noticed a phantom
  1918 | D:4      | Killed Zogzag's ghost
  1918 | D:4      | Reached skill level 9 in Maces & Flails
  1918 | D:4      | Reached skill level 1 in Stealth
  1918 | D:4      | Reached XP level 5. HP: 35/45 MP: 4/4
  1918 | D:4      | Reached XP level 6. HP: 39/51 MP: 5/5
  1918 | D:4      | Reached XP level 7. HP: 44/57 MP: 6/6
  2145 | D:4      | Reached *** piety under Trog
  2230 | D:4      | Noticed Grinder
  2231 | D:4      | Noticed Pikel
  2253 | D:4      | Paralysed by Grinder for 7 turns
  2264 | D:4      | HP: 2/57 [slave[Pikel] (4)]
  2266 | D:4      | Slain by a slave

Skill      XL: |  1  2  3  4 |
---------------+-------------+-----
Maces & Flails | 4 5 9 |  9.9
Stealth        | 1 |  1.5
Fighting       | |  3.6
Armour         | |  2.4
Dodging        | |  2.1

Action                   |  1- 3 |  4- 6 |  7- 9 || total
-------------------------+-------+-------+-------++-------
Melee: Mace              |    66 |    42 |    44 ||   152
       Headbutt          |     9 |    10 |     7 ||    26
Invok: Berserk           |       |     1 |       ||     1
  Eat: Chunk             |     1 |     1 |       ||     2
       Bread ration      |       |       |     1 ||     1
Armor: Animal skin       |     6 |       |       ||     6
       Leather armour    |     9 |    13 |       ||    22
       Chain mail        |       |       |    30 ||    30
Dodge: Dodged            |    46 |    34 |    22 ||   102
